 Dungeon Crawl Stone Soup version 0.28.0-53-g5a82cb258f (webtiles) character file.

Game seed: 16398141137108821412

2747 NotreDorf the Spear-Bearer (level 9, -15/75 HPs)
             Began as a Merfolk Gladiator on May 22, 2022.
             Demolished by an orc warrior
             ... wielding a +0 dire flail
              (16 damage)
             ... on level 7 of the Dungeon.
             The game lasted 00:28:15 (6989 turns).

NotreDorf the Spear-Bearer (Merfolk Gladiator)      Turns: 6989, Time: 00:28:16

Health: -15/75     AC:  6    Str: 14    XL:     9   Next: 68%
Magic:  9/9        EV: 19    Int:  7    God:
Gold:   92         SH:  5    Dex: 20    Spells: 8/8 levels left

rFire   + . .      SeeInvis .   a - +0 trident
rCold   . . .      Faith    .   (no shield)
rNeg    . . .      Spirit   .   v - +2 leather armour {rF+}
rPois   .          Reflect  +   i - +0 helmet
rElec   .          Harm     .   (no cloak)
rCorr   .          Rampage  .   (no gloves)
Will    .....                   (no boots)
Stlth   +.........              j - amulet of reflection
HPRegen 0.22/turn               f - +4 ring of slaying
MPRegen 0.11/turn               (no ring)

@: no status effects
A: (nimble swimmer 2), mertail
a: no special abilities


You were on level 7 of the Dungeon.
You visited 1 branch of the dungeon, and saw 7 of its levels.

You collected 282 gold pieces.
You spent 190 gold pieces at shops.

Inventory:

Hand Weapons
 a - a +0 trident (weapon)
Missiles
 e - 25 poisoned darts (quivered)
Armour
 d - +0 steam dragon scales
 i - a +0 helmet (worn)
 v - a +2 leather armour of fire resistance (worn)
Jewellery
 f - a +4 ring of slaying (left hand)
 h - a ring of fire
 j - an amulet of reflection (around neck)
 q - a +4 ring of evasion
Scrolls
 b - a scroll of fear {unknown}
 g - 2 scrolls of enchant weapon {unknown}
 k - a scroll of vulnerability {unknown}
 l - 2 scrolls of teleportation {unknown}
 n - 3 scrolls of identify {unknown}
 r - a scroll of noise {unknown}
 t - a scroll of summoning {unknown}
 u - 2 scrolls of holy word {unknown}
 x - a scroll of immolation {unknown}
Potions
 c - a potion of lignification {unknown}
 m - 4 potions of curing {unknown}
 o - a potion of resistance {unknown}
 p - 3 potions of flight {unknown}
 s - a potion of magic {unknown}
 w - a potion of brilliance {unknown}


   Skills:
 + Level 8.5 Fighting
 + Level 11.4 Polearms
 - Level 2.0 Throwing
 + Level 10.5 Dodging


You had 8 spell levels left.
You didn't know any spells.
Your spell library contained the following spells:

 Spells                   Type           Power      Damage    Failure   Level
 Conjure Flame            Conj/Fire      0%         6-21      87%         3
 Ignite Poison            Fire/Tmut/Pois 0%         N/A       87%         3
 Stone Arrow              Conj/Erth      0%         3d7       87%         3
 Animate Armour           Summ/Erth      0%         N/A       99%         4
 Sticky Flame             Conj/Fire      0%         2d3       99%         4
 Lehudib's Crystal Spear  Conj/Erth      0%         10d2      100%        8


Dungeon Overview and Level Annotations

Branches:
Dungeon (7/15)             Temple (0/1) D:7

Altars:
Kikubaaqudgha

Shops:
D:2 *   D:4 (   D:6 [


Innate Abilities, Weirdness & Mutations

((You are very nimble when in or above water. (Stealth+, EV+, Speed+++)))
Your lower body shifts to a powerful aquatic tail in water.


Message History

The orc warrior hits you with a +0 dire flail!
You hit the orc warrior but do no damage.
The orc warrior is moderately wounded.
The orc warrior closely misses you.
You hit the orc warrior but do no damage.
The orc warrior is moderately wounded.
The orc warrior barely misses you.
You hit the orc warrior.
The orc warrior is heavily wounded.
You barely miss the orc warrior.
The orc warrior is heavily wounded.
The orc warrior misses you.
You hit the orc warrior.
The orc warrior is heavily wounded.
The orc warrior hits you with a +0 dire flail!
You closely miss the orc warrior.
The orc warrior is heavily wounded.
The orc warrior completely misses you.
You hit the orc warrior.
The orc warrior is severely wounded.
You closely miss the orc warrior.
The orc warrior is severely wounded.
The orc warrior hits you with a +0 dire flail!
* * * LOW HITPOINT WARNING * * *
You closely miss the orc warrior.
The orc warrior is severely wounded.
The orc warrior misses you.
You hit the orc warrior but do no damage.
The orc warrior is severely wounded.
You closely miss the orc warrior.
The orc warrior is severely wounded.
The orc warrior barely misses you.
You barely miss the orc warrior.
The orc warrior is severely wounded.
The orc warrior hits you with a +0 dire flail!
* * * LOW HITPOINT WARNING * * *
You hit the orc warrior but do no damage.
The orc warrior is severely wounded.
The orc warrior hits you with a +0 dire flail!
You die...

# ##..............#
#### #..............#
#..............# .
#####'####.....#######
.o #.# #...........#
o. #.# #...........#
#. #.# #............
#.. #.# #............
#.#...######@#
#............
#......)...)o#
#............
##############
#............
#............
#............
#............
#............
############. ##


You could see an orc warrior.

Vanquished Creatures
  Pikel (D:7)
  A steam dragon (D:7)
  Menkaure (D:7)
  Duvessa (D:7)
  2 water moccasins
  A black bear (D:4)
  A necrophage (D:7)
  A sky beast (D:6)
  2 centaurs (D:7)
  4 lemures (D:7)
  A kobold brigand (D:7)
  2 scorpions
  A wyvern skeleton (D:7)
  Dowan (D:7)
  A water moccasin skeleton (D:6)
  A bullfrog zombie (D:5)
  6 orc priests
  A bullfrog skeleton (D:6)
  4 hounds
  2 jellies
  2 centaur skeletons
  3 iguanas
  7 orc wizards
  Natasha (thrice) (D:4)
  2 howler monkey skeletons
  Robin (D:4)
  3 adders
  A shadow imp (D:7)
  A white imp (D:7)
  An adder zombie (D:5)
  An adder skeleton (D:4)
  3 worms
  2 dart slugs
  9 orcs
  3 bats
  4 endoplasms
  4 giant cockroaches
  17 goblins
  9 hobgoblins
  3 jackals (D:1)
  12 kobolds
  8 quokkas
  4 ball pythons
  2 rats
140 creatures vanquished.

Vanquished Creatures (others)
  A kobold (D:4)
  4 plants (D:1)
5 creatures vanquished.

Grand Total: 145 creatures vanquished

Notes
Turn   | Place    | Note
-------+----------+-------------------------------------------
     0 | D:1      | NotreDorf the Merfolk Gladiator began the quest for the
                  | Orb.
     0 | D:1      | Reached XP level 1. HP: 16/16 MP: 1/1
   123 | D:1      | Reached XP level 2. HP: 23/23 MP: 2/2
   627 | D:1      | Reached skill level 5 in Polearms
   627 | D:1      | Reached XP level 3. HP: 27/28 MP: 3/3
   884 | D:2      | Found Nelat's Assorted Antiques.
  1139 | D:2      | Reached XP level 4. HP: 30/35 MP: 4/4
  1555 | D:3      | Reached skill level 5 in Dodging
  2013 | D:3      | Found a faded altar of an unknown god.
  2131 | D:3      | Found an ancient bone altar of Kikubaaqudgha.
  2412 | D:3      | Reached XP level 5. HP: 39/42 MP: 5/5
  2608 | D:4      | Reached skill level 6 in Polearms
  2611 | D:4      | Noticed Natasha
  2616 | D:4      | Killed Natasha
  2627 | D:4      | Noticed Natasha
  2635 | D:4      | Killed Natasha
  2761 | D:4      | Reached XP level 6. HP: 36/48 MP: 6/6
  2962 | D:4      | Noticed a black bear
  2971 | D:4      | Killed a black bear
  2972 | D:4      | Reached skill level 7 in Polearms
  3021 | D:4      | Noticed Natasha
  3028 | D:4      | Killed Natasha
  3029 | D:4      | Reached XP level 7. HP: 51/55 MP: 7/7
  3047 | D:4      | Found Voelafer's Antique Weapon Shoppe.
  3064 | D:4      | Noticed Robin
  3070 | D:4      | Reached skill level 5 in Fighting
  3240 | D:4      | Killed Robin
  3712 | D:5      | Entered Level 5 of the Dungeon
  4077 | D:5      | Reached skill level 8 in Polearms
  4465 | D:6      | Found Wutiubai's Armour Boutique.
  4472 | D:6      | Bought a +2 leather armour of fire resistance for 190 gold
                  | pieces
  4634 | D:6      | Reached XP level 8. HP: 64/64 MP: 8/8
  5114 | D:6      | Reached skill level 9 in Polearms
  5949 | D:7      | Noticed Menkaure
  5969 | D:7      | Killed Menkaure
  5970 | D:7      | Reached skill level 10 in Polearms
  5986 | D:7      | Reached XP level 9. HP: 20/72 MP: 9/9
  6258 | D:7      | Noticed Pikel
  6316 | D:7      | Killed Pikel
  6317 | D:7      | Reached skill level 11 in Polearms
  6317 | D:7      | Reached skill level 10 in Dodging
  6604 | D:7      | Noticed Dowan
  6607 | D:7      | Noticed Duvessa
  6636 | D:7      | Killed Duvessa
  6643 | D:7      | Killed Dowan
  6936 | D:7      | Found a staircase to the Ecumenical Temple.
  6988 | D:7      | HP: 1/75 [orc warrior/+0 dire flail (13)]
  6989 | D:7      | Demolished by an orc warrior

Illustrated notes

Levels and vault maps discovered:
D:1:      roderic_crossed_star, layout_loops_ring, serial_bayou,
          serial_bayou_lagoon_a, serial_bayou_crossing, serial_bayou_pond_a,
          serial_bayou_pond_b
D:2:      layout_loops_ring, serial_shops, nicolae_lakefront_shop,
          nicolae_elevator_lobby_asterisk
D:3:      layout_basic, mainiacjoe_overflow_six_doors_small,
          basic_ecumenical_altar
D:4:      layout_cave_pools, serial_shops, nicolae_stop_n_shop_1, st_stairs_10,
          uniq_robin, uniq_natasha
D:5:      layout_gridville, minmay_hedge_maze
D:6:      layout_gridville, serial_shops, shop, chequers_avenue
D:7:      layout_basic, temple_doors_e, uniq_pikel, uniq_duvessa, uniq_menkaure

Skill      XL: |  1  2  3  4  5  6  7  8  9 |
---------------+----------------------------+-----
Polearms       | 5 6 7 8 10 11 | 11.4
Fighting       | 3 4 6 7 8 |  8.5
Dodging        | 5 6 7 9 10 | 10.5
Throwing       | |  2.0

Action                   |  1- 3 |  4- 6 |  7- 9 || total
-------------------------+-------+-------+-------++-------
Melee: Trident           |    87 |    77 |   327 ||   491
       Punch             |       |     3 |     3 ||     6
Throw: Throwing net      |       |     1 |     3 ||     4
       Dart              |       |       |     1 ||     1
  Use: Potion            |       |     1 |       ||     1
 Stab: Sleeping          |     4 |     6 |     1 ||    11
       Distracted        |     1 |       |       ||     1
       Held in net/web   |       |     1 |     2 ||     3
Armor: Leather armour    |    14 |     5 |    39 ||    58
Dodge: Dodged            |    40 |    36 |   137 ||   213
Block: Other             |     3 |     4 |    52 ||    59
       Reflection        |     1 |     1 |     3 ||     5
